 Dungeon Crawl Stone Soup version 0.26-a0-520-g952f204493 (webtiles) character file.

Game seed: 11720065560993211934

121 Gargoyl the Skirmisher (level 5, 41/42 HPs)
             Began as a Gnoll Abyssal Knight on Aug 12, 2020.
             Was an Initiate of Lugonu.
             Quit the game on level 1 of the Dungeon.
             The game lasted 00:00:44 (108 turns).

Gargoyl the Skirmisher (Gnoll Abyssal Knight)        Turns: 108, Time: 00:00:45

Health: 41/42      AC:  2    Str: 15    XL:     5   Next: 5%
Magic:  8/8        EV: 12    Int: 15    God:    Lugonu [......]
Gold:   23         SH:  0    Dex: 12    Spells: 6/6 levels left

rFire    . . .     SeeInvis .   a - +1 hand axe
rCold    . . .     Faith    .   (no shield)
rNeg     . . .     Spirit   .   b - +0 leather armour
rPois    .         Reflect  .   (no helmet)
rElec    .         Harm     .   (no cloak)
rCorr    .                      (no gloves)
MR       .....                  (no boots)
Stlth    +.........             (no amulet)
HPRegen  0.14/turn              (no ring)
MPRegen  0.11/turn              (no ring)

@: no status effects
A: distributed training, fangs 1, clumsy 1, deformed body, deterioration 1,
frail 1, strong nose
a: Renounce Religion


You were on level 1 of the Dungeon.
You worshipped Lugonu.
Lugonu was noncommittal.
You visited 1 branch of the dungeon, and saw 1 of its levels.
You visited the Abyss 1 time.

You collected 23 gold pieces.

Inventory:

Hand Weapons
 a - a +1 hand axe (weapon)
Armour
 b - a +0 leather armour (worn)
Wands
 c - a wand of iceblast (5)


   Skills:
 + Level 6.6 Fighting
 + Level 1.3 Short Blades
 + Level 1.3 Long Blades
 + Level 4.7 Axes
 + Level 1.3 Maces & Flails
 + Level 1.3 Polearms
 + Level 1.3 Staves
 + Level 1.3 Slings
 + Level 1.3 Bows
 + Level 1.3 Crossbows
 + Level 1.3 Throwing
 + Level 4.7 Armour
 + Level 2.9 Dodging
 + Level 1.3 Stealth
 + Level 1.3 Shields
 + Level 1.3 Unarmed Combat
 + Level 1.3 Spellcasting
 + Level 1.1 Conjurations
 + Level 1.1 Hexes
 + Level 1.1 Summonings
 + Level 1.1 Necromancy
 + Level 1.1 Translocations
 + Level 1.1 Transmutations
 + Level 1.1 Fire Magic
 + Level 1.1 Ice Magic
 + Level 1.1 Air Magic
 + Level 1.1 Earth Magic
 + Level 1.1 Poison Magic
 + Level 4.8 Invocations
 + Level 1.3 Evocations


You had 6 spell levels left.
You didn't know any spells.
Your spell library was empty.

Dungeon Overview and Level Annotations

Branches:
Dungeon (1/15)

Altars:


Innate Abilities, Weirdness & Mutations

Your experience applies equally to all skills.
You have very sharp teeth.
Your uncanny sense of smell can sniff out nearby items.
You are clumsy. (Dex -2)
Armour fits poorly on your strangely shaped body.
Your body sometimes deteriorates upon taking damage.
You are frail. (-10% HP)


Message History

A large abomination comes into view.
The raiju bursts into living lightning!
The living lightning misses you.
The raiju blinks!
Found a flail.
You pass through the gate.
You can no longer depart the Abyss at will.
Found an inky potion.
There is a staircase leading out of the dungeon here.
Magic restored.
A rat comes into view.
The rat bites you.
Found a scroll labeled WILECA YXOM.
You closely miss the rat. You bite the rat, but do no damage.
You hit the plant but do no damage. The rat bites you but does no damage.
You hit the rat.
You kill the rat!
Lugonu accepts your kill.
You hit the plant but do no damage.
You see here a rat corpse.
Are you sure you want to abandon this character and quit the game? (Confirm with "yes".)

### .?# #.# # #.#
#. #@# .# #..
#.###.##.
#..#####†.......
#....P........##
#.#!P..P♣..P...##
#.#.........P...#
#........P..P....
#......P...P....P
#..............PP


There were no monsters in sight!

Vanquished Creatures
  A neqoxec (Abyss:2)
  A rat (D:1)
2 creatures vanquished.

Notes
Turn   | Place    | Note
-------+----------+-------------------------------------------
     0 | Abyss:1  | Gargoyl the Gnoll Abyssal Knight began the quest for the
                  | Orb.
     0 | Abyss:1  | Reached XP level 1. HP: 23/23 MP: 3/3
    44 | Abyss:2  | Noticed a neqoxec
    45 | Abyss:2  | Noticed a quasit
    45 | Abyss:2  | Gained mutation: You are clumsy. (Dex -2) [a neqoxec]
    47 | Abyss:2  | Noticed a quasit
    48 | Abyss:2  | Gained mutation: Your body sometimes deteriorates upon
                  | taking damage. [a neqoxec]
    54 | Abyss:2  | Gained mutation: You are frail. (-10% HP) [a neqoxec]
    68 | Abyss:2  | Noticed a raiju
    68 | Abyss:2  | Noticed a raiju
    73 | Abyss:2  | Gained mutation: Armour fits poorly on your strangely
                  | shaped body. [a neqoxec]
    82 | Abyss:2  | Killed a neqoxec
    82 | Abyss:2  | Reached skill level 1 in Short Blades
    82 | Abyss:2  | Reached skill level 1 in Long Blades
    82 | Abyss:2  | Reached skill level 1 in Maces & Flails
    82 | Abyss:2  | Reached skill level 1 in Polearms
    82 | Abyss:2  | Reached skill level 1 in Staves
    82 | Abyss:2  | Reached skill level 1 in Slings
    82 | Abyss:2  | Reached skill level 1 in Bows
    82 | Abyss:2  | Reached skill level 1 in Crossbows
    82 | Abyss:2  | Reached skill level 1 in Throwing
    82 | Abyss:2  | Reached skill level 1 in Stealth
    82 | Abyss:2  | Reached skill level 1 in Shields
    82 | Abyss:2  | Reached skill level 1 in Unarmed Combat
    82 | Abyss:2  | Reached skill level 1 in Spellcasting
    82 | Abyss:2  | Reached skill level 1 in Conjurations
    82 | Abyss:2  | Reached skill level 1 in Hexes
    82 | Abyss:2  | Reached skill level 1 in Summonings
    82 | Abyss:2  | Reached skill level 1 in Necromancy
    82 | Abyss:2  | Reached skill level 1 in Translocations
    82 | Abyss:2  | Reached skill level 1 in Transmutations
    82 | Abyss:2  | Reached skill level 1 in Fire Magic
    82 | Abyss:2  | Reached skill level 1 in Ice Magic
    82 | Abyss:2  | Reached skill level 1 in Air Magic
    82 | Abyss:2  | Reached skill level 1 in Earth Magic
    82 | Abyss:2  | Reached skill level 1 in Poison Magic
    82 | Abyss:2  | Reached skill level 1 in Evocations
    82 | Abyss:2  | Reached XP level 2. HP: 26/26 MP: 5/5
    82 | Abyss:2  | Reached XP level 3. HP: 31/31 MP: 6/6
    82 | Abyss:2  | Reached XP level 4. HP: 36/36 MP: 7/7
    82 | Abyss:2  | Reached XP level 5. HP: 42/42 MP: 8/8
    83 | Abyss:2  | Noticed a large abomination
    86 | D:1      | Escaped the Abyss
   108 | D:1      | Quit the game

Illustrated notes

Levels and vault maps discovered:
D:1:      wander_arrival_fairy_ring, layout_loops_ring

Skill      XL: |  1 |
---------------+----+-----
Short Blades   | 1 |  1.3
Long Blades    | 1 |  1.3
Maces & Flails | 1 |  1.3
Polearms       | 1 |  1.3
Staves         | 1 |  1.3
Slings         | 1 |  1.3
Bows           | 1 |  1.3
Crossbows      | 1 |  1.3
Throwing       | 1 |  1.3
Stealth        | 1 |  1.3
Shields        | 1 |  1.3
Unarmed Combat | 1 |  1.3
Spellcasting   | 1 |  1.3
Conjurations   | 1 |  1.1
Hexes          | 1 |  1.1
Summonings     | 1 |  1.1
Necromancy     | 1 |  1.1
Translocations | 1 |  1.1
Transmutations | 1 |  1.1
Fire Magic     | 1 |  1.1
Ice Magic      | 1 |  1.1
Air Magic      | 1 |  1.1
Earth Magic    | 1 |  1.1
Poison Magic   | 1 |  1.1
Evocations     | 1 |  1.3
Fighting       | |  6.6
Axes           | |  4.7
Armour         | |  4.7
Dodging        | |  2.9
Invocations    | |  4.8

Action                   |  1- 3 |  4- 6 || total
-------------------------+-------+-------++-------
Melee: Hand axe          |       |     2 ||     2
       Bite              |       |     1 ||     1
Invok: Depart the Abyss  |       |     1 ||     1
Evoke: Wand              |     2 |     1 ||     3
Armor: Leather armour    |       |     1 ||     1
Dodge: Dodged            |       |     1 ||     1

Table legend: (Time is in decaauts)
 A = Elapsed time spent in this place.
 B = Non-inter-level travel time spent in this place.
 C = Inter-level travel time spent in this place.
 D = Time resting spent in this place.
 E = Time spent auto-exploring this place.
 F = Levels seen in this place.
 G = Mean time per level.
                   A        B        C        D        E       F      G
               +--------+--------+--------+--------+--------+-----+--------+
         Total |    110 |    110 |      0 |      0 |     44 |   3 |   36.7 |
       Dungeon |     21 |     21 |      0 |      0 |     11 |   1 |   21.0 |
         Abyss |     88 |     88 |      0 |      0 |     33 |   2 |   44.0 |
               +--------+--------+--------+--------+--------+-----+--------+

Top non-repeatable levels by time:
 Abyss:2: 61 daAuts
 Abyss:1: 27 daAuts
     D:1: 21 daAuts
